 Dungeon Crawl Stone Soup version 0.30-a0-331-g8ab09dc110 (webtiles) character file.

Game seed: 4999896706633225672

1086 porpoise the Trooper (level 8, -7/62 HPs)
             Began as a Djinni Fire Elementalist on Oct 29, 2022.
             Mangled by a troll (13 damage)
             ... on level 6 of the Dungeon.
             The game lasted 00:24:39 (4879 turns).

porpoise the Trooper (Djinni Fire Elementalist)     Turns: 4879, Time: 00:24:40

Health: -7/62      AC:  3    Str:  7    XL:     8   Next: 55%
Gold:   79         EV: 16    Int: 19    God:
                   SH:  0    Dex: 14

rFire   + + .      SeeInvis .    a - +1 short sword (venom)
rCold   x . .      Faith    .    (no shield)
rNeg    . . .      Spirit   .    f - +0 robe
rPois   ∞          Reflect  .    c - +0 helmet
rElec   .          Harm     .    y - scarf {+Inv}
rCorr   .          Rampage  .    (no gloves)
Will    .....                    (boots unavailable)
Stlth   ++........               (no amulet)
HPRegen 0.30/turn                w - +4 ring of evasion
MPRegen 0.00/turn                (no ring)

@: about to teleport, flying
A: sickness immunity, fire resistance 2, cold vulnerability 1, float, innate
caster, HP casting, extra vitality 1
a: Evoke Invisibility


You were on level 6 of the Dungeon.
You visited 1 branch of the dungeon, and saw 6 of its levels.

You collected 241 gold pieces.
You spent 162 gold pieces at shops.

Inventory:

Hand Weapons
 a - a +1 short sword of venom (weapon)
 r - a +3 short sword of speed
 B - a +0 trident of freezing
Missiles
 b - 2 boomerangs
 s - 2 poisoned darts (quivered)
 u - a throwing net
Armour
 c - a +0 helmet (worn)
 f - a +0 robe (worn)
 y - a scarf of invisibility (worn)
Magical Staves
 q - a staff of conjuration
Jewellery
 w - a +4 ring of evasion (left hand)
 A - an amulet of reflection
Wands
 o - a wand of flame (19)
 z - a wand of iceblast (5)
Scrolls
 g - a scroll of enchant weapon
 i - 2 scrolls of teleportation
 j - a scroll of magic mapping
 l - a scroll of silence {unknown}
 n - a scroll of immolation {unknown}
 v - a scroll of noise
 x - a scroll of vulnerability {unknown}
 D - a scroll of amnesia {unknown}
 E - a scroll of summoning {unknown}
 G - a scroll of enchant armour {unknown}
Potions
 d - a potion of resistance {unknown}
 e - 2 potions of invisibility
 h - 2 potions of mutation {unknown}
 k - a potion of curing
 m - a potion of lignification {unknown}
 p - 3 potions of brilliance
 t - a potion of might {unknown}
 C - a potion of berserk rage {unknown}
 F - a potion of haste {unknown}


   Skills:
 + Level 6.5 Fighting
 - Level 2.1 Dodging
 - Level 1.5 Stealth
 + Level 5.7 Spellcasting


You couldn't memorise any spells.
You knew the following spells:

 Your Spells              Type           Power      Damage    Failure   Level
a - Foxfire               Conj/Fire      100%       2x1d9     1%          1
b - Scorch                Fire           54%        2d7       1%          2
c - Kindle Blastsparks    Fire/Tloc/Air  54%        2d14      3%          3
d - Inner Flame           Hex/Fire       27%        N/A       3%          3
e - Flame Wave            Conj/Fire      27%        2d9       11%         4
f - Freeze                Ice            100%       1d10      1%          1
g - Call Imp              Summ           27%        N/A       1%          2
h - Ignite Poison         Fire/Tmut/Pois 27%        N/A       3%          3
Your spell library was empty.

Dungeon Overview and Level Annotations

Branches:
Dungeon (6/15)
 Temple: D:4-7

Altars:
Cheibriados
Elyvilon
Nemelex Xobeh
Ru

Shops:
D:2 *   D:3 [   D:4 [

Annotations:
D:5 2 transporters, gabagool's ghost, novice TrBe


Innate Abilities, Weirdness & Mutations

You are immune to sickness and miasma.
You are immune to poison.
Your flesh is very heat resistant. (rF++)
You are vulnerable to cold. (rC-)
You float through the air rather than walking.
You learn spells naturally, not from books.
Your magical power is your life essence.
You have superior vitality. (+4 MHP)


Message History

Flames lash the bullfrog.
The bullfrog is heavily wounded.
The bullfrog's fire resistance burns away.
The bullfrog misses you. The bullfrog hits you.
Unknown command.
Casting: Scorch (safe; 1% risk of failure)
Confirm with . or Enter, or press ? or * to list all spells.
You conjure some foxfire!
The bullfrog hits you!
You hit the bullfrog.
The bullfrog is poisoned.
The bullfrog is heavily wounded.
The foxfire hits the bullfrog!
The bullfrog is burned terribly!
You kill the bullfrog!
The foxfire hits the troll.
The troll is lightly wounded.
The centaur wields a +2 vorpal shortbow.
The centaur shoots an arrow.
The arrow closely misses you.
Casting: Foxfire (safe; 1% risk of failure)
Confirm with . or Enter, or press ? or * to list all spells.
Flames lash the centaur.
The centaur is moderately wounded.
The centaur's fire resistance burns away.
You hear a shout!
The troll closely misses you. The troll barely misses you. The troll claws you.
Casting: Scorch (safe; 1% risk of failure)
Confirm with . or Enter, or press ? or * to list all spells.
You conjure some foxfire!
The troll closely misses you. The troll claws you but does no damage.
The troll claws you!
* * * LOW HITPOINT WARNING * * *
As you read the scroll of teleportation, it crumbles to dust.
You feel strangely unstable.
The foxfire hits the troll!
The troll is moderately wounded.
The foxfire hits the troll.
The troll is moderately wounded.
A gnoll bouda comes into view. It is wielding a +0 club.
The troll bites you.
* * * LOW HITPOINT WARNING * * *
The troll claws you!
* * * LOW HITPOINT WARNING * * *
The troll claws you!
You die...

##..#### ## ##..##. ##
..### ##.... #..
....#### ##.... ...
.......######..... ###.#
#.##......##......
#.....#.# ##............
#.⌠.⌠.#†###.....##......
...⌠.cT@.#.....##.......
#.⌠.⌠o#.§.....##....<...
#.... #........##.......
###. ###.###...##......
.. 8...8#....#...... #.
#.....#.....#..... g
....8..............
#.#.....#...........
...#8...8#...........


You could see a troll, a centaur (combustible), a gnoll bouda and an orc.

Vanquished Creatures
  A steam dragon (D:6)
  A black bear (D:4)
  An ice beast (D:5)
  An ogre (D:6)
  A phantom (D:6)
  2 bullfrogs (D:6)
  2 scorpions (D:5)
  A necrophage (D:4)
  A gnoll bouda (D:5)
  An orc priest (D:3)
  An iguana (D:5)
  2 orc wizards (D:3)
  4 gnolls (D:5)
  4 adders
  2 white imps
  2 worms (D:3)
  2 dart slugs
  6 orcs
  7 ball pythons
  4 bats
  8 endoplasms
  4 giant cockroaches
  7 goblins
  4 hobgoblins
  3 quokkas
  3 frilled lizards
  9 kobolds
  7 rats
91 creatures vanquished.

Vanquished Creatures (collateral kills)
  An orc (D:3)
1 creature vanquished.

Vanquished Creatures (others)
  114 foxfires
114 creatures vanquished.

Grand Total: 206 creatures vanquished

Notes
Turn   | Place    | Note
-------+----------+-------------------------------------------
     0 | D:1      | porpoise the Djinni Fire Elementalist began the quest for
                  | the Orb.
     0 | D:1      | porpoise set off with the following spells memorised:
                  | Foxfire, Scorch, Kindle Blastsparks, Inner Flame, Flame
                  | Wave.
     0 | D:1      | Reached XP level 1. HP: 15/15 MP: 0/0
   220 | D:1      | Reached XP level 2. HP: 22/22 MP: 0/0
   404 | D:1      | Reached skill level 1 in Fighting
   559 | D:1      | Found a faded altar of an unknown god.
   665 | D:1      | Reached XP level 3. HP: 27/27 MP: 0/0
   665 | D:1      | Learned a level 1 spell: Freeze
  1064 | D:2      | Upgraded the game from 0.30-a0-329-g85436e0a43 to
                  | 0.30-a0-331-g8ab09dc110
  1312 | D:2      | Found Viplut's Assorted Antiques.
  1352 | D:2      | Reached skill level 2 in Fighting
  1457 | D:2      | Reached XP level 4. HP: 25/33 MP: 0/0
  1911 | D:3      | Found Xeyj's Armour Emporium.
  1946 | D:3      | Found a snail-covered altar of Cheibriados.
  2082 | D:3      | Found a sacrificial altar of Ru.
  2262 | D:3      | Reached XP level 5. HP: 38/40 MP: 0/0
  2262 | D:3      | Learned a level 2 spell: Call Imp
  2476 | D:3      | Found a white marble altar of Elyvilon.
  2609 | D:3      | Reached skill level 3 in Fighting
  3101 | D:4      | Noticed a black bear
  3109 | D:4      | Killed a black bear
  3110 | D:4      | Reached skill level 4 in Fighting
  3110 | D:4      | Reached XP level 6. HP: 38/47 MP: 0/0
  3164 | D:4      | Found a sparkling altar of Nemelex Xobeh.
  3236 | D:4      | Found Itwapob's Armour Shoppe.
  3606 | D:5      | Entered Level 5 of the Dungeon
  3651 | D:5      | Found a transporter.
  3651 | D:5      | Noticed gabagool's ghost (novice TrBe)
  3660 | D:5      | Noticed an ice beast
  3667 | D:5      | Killed an ice beast
  3668 | D:5      | Reached XP level 7. HP: 49/53 MP: 0/0
  3668 | D:5      | Learned a level 3 spell: Ignite Poison
  3721 | D:5      | Reached skill level 5 in Fighting
  4278 | D:5      | Found a transporter.
  4521 | D:2      | Bought a scroll labelled JEHOEKOHAOTZ for 28 gold pieces
  4521 | D:2      | Bought a yellow potion for 25 gold pieces
  4521 | D:2      | Bought a scroll labelled AJURHUF BOINYP for 28 gold pieces
  4521 | D:2      | Bought a scroll labelled ZALUOM BUITZID for 28 gold pieces
  4521 | D:2      | Bought a smoky cyan potion for 25 gold pieces
  4521 | D:2      | Bought a scroll labelled AZEUHO NOET for 28 gold pieces
  4624 | D:6      | Noticed a steam dragon
  4643 | D:6      | Killed a steam dragon
  4644 | D:6      | Reached skill level 5 in Spellcasting
  4644 | D:6      | Reached XP level 8. HP: 36/61 MP: 0/0
  4774 | D:6      | Reached skill level 6 in Fighting
  4868 | D:6      | Noticed a troll
  4879 | D:6      | Mangled by a troll

Illustrated notes

Levels and vault maps discovered:
D:1:      onia_arrival_pyramid, layout_loops_ring,
          nicolae_ecumenical_snake_handling
D:2:      layout_loops_ring, serial_shops, shop
D:3:      layout_loops_corners, overflow_temple_1_default,
          nicolae_ru_great_annihilating_truth, mainiacjoe_overflow_alcove_4,
          serial_shops, nicolae_shop_crystal, amcnicky_mini_corridor_feature,
          minivault_26, kennysheep_small_spiral
D:4:      layout_loops_ring, mainiacjoe_overflow_alcove_1, serial_shops,
          kennysheep_mini, minmay_misc_feat_columns
D:5:      layout_basic, gammafunk_ghost_mausoleum, minmay_misc_feat_five
D:6:      layout_cave_pods, evilmike_ruin_ashenzari, trog_wizard,
          chequers_serial_rivers_micro_a, minmay_chambers_of_fives

Skill      XL: |  1  2  3  4  5  6  7  8 |
---------------+-------------------------+-----
Fighting       | 1 2 4 5 6 |  6.5
Spellcasting   | 3 4 5 |  5.7
Dodging        | |  2.1
Stealth        | |  1.5

Action                   |  1- 3 |  4- 6 |  7- 9 || total
-------------------------+-------+-------+-------++-------
Melee: Short sword       |    72 |    21 |    23 ||   116
       Mace              |     7 |       |       ||     7
       Punch             |       |       |     1 ||     1
Throw: Dart              |       |       |     2 ||     2
 Cast: Foxfire           |    28 |    26 |    17 ||    71
       Scorch            |     6 |    23 |    12 ||    41
       Freeze            |       |    16 |    10 ||    26
       Call Imp          |       |     1 |       ||     1
       Kindle Blastspark |       |       |     3 ||     3
       Inner Flame       |       |       |     1 ||     1
       Ignite Poison     |       |       |     1 ||     1
  Use: Scroll            |       |     3 |     4 ||     7
       Potion            |       |     1 |       ||     1
 Stab: Sleeping          |     1 |     2 |       ||     3
Armor: Robe              |    19 |     5 |     4 ||    28
Dodge: Dodged            |    67 |    15 |    38 ||   120

Table legend: (Time is in decaauts)
 A = Elapsed time spent in this place.
 B = Non-inter-level travel time spent in this place.
 C = Inter-level travel time spent in this place.
 D = Time resting spent in this place.
 E = Time spent auto-exploring this place.
 F = Levels seen in this place.
 G = Mean time per level.
                   A        B        C        D        E       F      G
               +--------+--------+--------+--------+--------+-----+--------+
         Total |   4873 |   4564 |    309 |   1182 |   2605 |   6 |  812.2 |
       Dungeon |   4873 |   4564 |    309 |   1182 |   2605 |   6 |  812.2 |
               +--------+--------+--------+--------+--------+-----+--------+

Top non-repeatable levels by time:
     D:3: 1237 daAuts
     D:1: 907 daAuts
     D:2: 851 daAuts
     D:5: 839 daAuts
     D:4: 781 daAuts
     D:6: 254 daAuts
